 Dungeon Crawl Stone Soup version 0.23.1-37-gaa34b87 (webtiles) character file.

Game seed: 15124665567469992590

201 Fang the Skirmisher (level 5, -3/34 HPs)
             Began as a Gargoyle Berserker on Mar 20, 2019.
             Was a Believer of Trog.
             Slain by an orc priest
             ... wielding a +0 hand axe
              (4 damage)
             ... on level 3 of the Dungeon.
             The game lasted 00:01:53 (2750 turns).

Fang the Skirmisher (Gargoyle Berserker)            Turns: 2750, Time: 00:01:54

Health: -3/34      AC:  9    Str: 22    XL:     5   Next: 79%
Magic:  5/5        EV: 12    Int:  7    God:    Trog [**....]
Gold:   64         SH:  0    Dex:  9    Spells: 4/4 levels left

rFire    . . .     SeeInvis .   p - +0 hand axe (chop)
rCold    . . .     Gourm    .   (no shield)
rNeg     + . .     Faith    .   b - +0 animal skin
rPois    ∞         Spirit   .   (no helmet)
rElec    +         Reflect  .   (no cloak)
rCorr    .         Harm     .   (no gloves)
MR       .....                  (no boots)
Stlth    +.........             (no amulet)
HPRegen  0.11/turn              j - +3 ring of protection
MPRegen  0.09/turn              (no ring)

@: berserk cooldown, slowed, very slow
A: negative energy resistance 1, electricity resistance, unbreathing,
petrification resistance, rot immunity, AC +4
a: Berserk, Trog's Hand, Renounce Religion


You were on level 3 of the Dungeon.
You worshipped Trog.
Trog was pleased with you.
You were hungry.

You visited 1 branch of the dungeon, and saw 3 of its levels.

You collected 64 gold pieces.

Inventory:

Hand Weapons
 a - a +0 hand axe
 p - a +0 hand axe of chopping (weapon)
Armour
 b - a +0 animal skin (worn)
Jewellery
 j - a +3 ring of protection (left hand)
Scrolls
 e - a scroll of fear {unknown}
 g - a scroll of enchant armour {unknown}
 i - 2 scrolls of magic mapping {unknown}
 k - 4 scrolls of identify {unknown}
 l - a scroll of teleportation {unknown}
 n - a scroll of random uselessness {unknown}
 o - a scroll of enchant weapon {unknown}
 q - a scroll of immolation {unknown}
 r - a scroll of amnesia {unknown}
 t - 3 scrolls of remove curse {unknown}
Potions
 d - 2 potions of flight {unknown}
 f - a potion of cancellation {unknown}
 m - a potion of ambrosia {unknown}
 s - a potion of might {unknown}
Comestibles
 c - 9 rations
 h - 3 chunks of flesh


   Skills:
 + Level 4.4 Fighting
 + Level 3.6 Axes
 + Level 3.6 Armour
 + Level 2.7 Dodging


You had 4 spell levels left.
You didn't know any spells.
Your spell library was empty.

Dungeon Overview and Level Annotations

Branches:
Dungeon (3/15)

Altars:
Okawaru


Innate Abilities, Weirdness & Mutations

You are resistant to torment.
Your stone body is resilient. (AC +4)
You are immune to poison.
You resist negative energy. (rN+)
You are resistant to electric shocks. (rElec)
You can survive without breathing.
You are immune to petrification.
You are immune to rotting.


Message History

You kill the orc!
Trog accepts your kill.
You closely miss the orc priest.
The orc priest hits you with a +0 hand axe.
* * * LOW HITPOINT WARNING * * *
Things that are here:
a +0 trident; a +0 scale mail You feel a strong urge to attack something.
Found a stone staircase leading down.
The orc priest looks satisfied for a moment.
You feel your anger nearly subside.
You closely miss the orc priest. You barely miss the orc priest.
You are no longer berserk.
You are exhausted.
You feel yourself slow down.
The orc priest hits you but does no damage.
You barely miss the orc priest. The orc priest closely misses you.
The orc priest hits you with a +0 hand axe.
You die...

#................##
#.%#...###.#.......
#..##.## #.#.#####.
#..##.# #.#.# #.
#..##.# #..÷# #. .
#.)##.# ###.# #.
..>####).# .. ..#
#. ........o# ##..
.. #.......@# ###
#...###### ###


You could see an orc priest.

Vanquished Creatures
  2 hounds
  An orc wizard (D:3)
  2 gnolls (D:2)
  An adder (D:3)
  An ooze (D:2)
  A worm (D:2)
  A dart slug (D:2)
  A leopard gecko (D:3)
  13 orcs
  5 bats
  3 giant cockroaches
  6 goblins
  9 hobgoblins
  3 jackals (D:2)
  2 quokkas
  5 frilled lizards
  5 kobolds
  4 rats
65 creatures vanquished.

Notes
Turn   | Place    | Note
-------+----------+-------------------------------------------
     0 | D:1      | Fang the Gargoyle Berserker began the quest for the Orb.
     0 | D:1      | Reached XP level 1. HP: 14/14 MP: 1/1
   502 | D:1      | Reached XP level 2. HP: 15/19 MP: 2/2
   994 | D:2      | Reached XP level 3. HP: 18/24 MP: 3/3
  1088 | D:2      | Found an iron altar of Okawaru.
  1102 | D:2      | Reached XP level 4. HP: 21/29 MP: 4/4
  1105 | D:2      | Reached skill level 4 in Fighting
  1820 | D:2      | Reached ** piety under Trog
  2328 | D:3      | Reached XP level 5. HP: 24/33 MP: 5/5
  2744 | D:3      | HP: 1/51 [orc priest/+0 hand axe (3)]
  2750 | D:3      | Slain by an orc priest

Skill      XL: |  1  2  3  4 |
---------------+-------------+-----
Axes           | 3 |  3.6
Dodging        | 2 |  2.7
Armour         | 3 |  3.6
Fighting       | 4 |  4.4

Action                   |  1- 3 |  4- 6 || total
-------------------------+-------+-------++-------
Melee: Hand axe          |    40 |   169 ||   209
Invok: Berserk           |     1 |     1 ||     2
 Stab: Sleeping          |       |     2 ||     2
  Eat: Chunk             |       |     7 ||     7
Armor: Animal skin       |    15 |    55 ||    70
Dodge: Dodged            |    40 |   112 ||   152
